Marlies vs Little Stars

Created - December 11, 2021 at 00:31

Goals
1 2 3 T
Marlies 2 1 1 4
Little Stars 1 1 0 2
Shots
1 2 3 T
Marlies 14 6 11 31
Little Stars 6 11 9 26

1st period

1. Marlies , Nick Ritchie 3 (Brett Pesce 3, Linden Vey 2) at 10:49
2. Marlies , Nicholas Baptiste 2 (Neal Pionk 4) at 12:44
3. Little Stars , Jordan LaVallee 2 (Eric Knodel 1) at 17:48

Penalties :
Logan Brown (Tor) for Slashing (Minor) at 6:35

2nd period

4. Marlies , Aleksi Saarela 1 (Johan Larsson 1, Nicholas Baptiste 2) at 7:07
5. Little Stars , Jordan LaVallee 3 (Daniel O'regan 3) at 19:52 (PP)

Penalties :
Colton Sissons (Tor) for Goalie Interference (Minor) at 1:16, Jason Dickinson (Tex) for Holding (Minor) at 4:11, Logan Brown (Tor) for Elbowing (Minor) at 16:11, Pavel Zacha (Tor) for Holding (Minor) at 19:48

3rd period

6. Marlies , Logan Brown 2 (Pavel Zacha 2, Lucas Carlsson 1) at 3:12

Penalties :
Sebastian Wannstrom (Tex) for Goalie Interference (Minor) at 4:54, Nick Ritchie (Tor) for Hooking (Minor) at 12:05, Colton Sissons (Tor) for Holding (Minor) at 16:41

Goalie Stats

Malcolm Subban (Tor), 24 saves from 26 shots - (0.923), W, 3-1-0, 60:00 minutes
Dustin Tokarski (Tex), 27 saves from 31 shots - (0.871), L, 1-2-0, 60:00 minutes

Players Stats for Marlies

Player Name              G  A  P  +/- PIM S  H  SB GA TA FO     MP     PP MP  PK MP  
------------------------------------------------------------------------------------
Aleksi Saarela           1  0  1   2  0   1  4  0  0  0  0/1    12:39   0:00   3:28 
Brett Pesce              0  1  1   1  0   1  2  1  1  2  0/0    20:58   1:14   4:24 
Colton Sissons           0  0  0   0  4   2  0  1  0  1  13/28  19:45   2:04   1:34 
Dennis Gilbert           0  0  0   2  0   1  1  1  0  0  0/0    12:46   0:00   0:24 
Jeff Corbett             0  0  0   1  0   0  1  0  0  0  0/0    20:58   1:14   4:24 
Johan Larsson            0  1  1   2  0   1  0  0  0  0  0/0    10:37   0:02   1:46 
JT Compher               0  0  0   0  0   1  1  0  0  0  0/1    17:56   1:52   3:29 
Justin Bailey            0  0  0   0  0   3  2  1  0  0  0/0    15:25   1:52   0:00 
Linden Vey               0  1  1   0  0   4  5  0  0  1  7/9    23:08   2:06   5:18 
Logan Brown              1  0  1   1  4   2  1  0  0  0  1/1     7:35   0:00   0:00 
Lucas Carlsson           0  1  1   2  0   1  0  1  0  0  0/0    12:21   0:00   0:00 
Mathieu Olivier          0  0  0   1  0   0  1  1  0  1  0/0     7:32   0:00   0:00 
Neal Pionk               0  1  1   0  0   1  0  1  2  2  0/0    26:28   2:44   5:22 
Nicholas Baptiste        1  1  2   2  0   1  0  1  0  0  1/1    10:10   0:02   0:00 
Nick Ritchie             1  0  1   0  2   5  0  0  0  0  2/3    22:12   2:04   4:23 
Pavel Zacha              0  1  1   0  2   4  2  1  0  0  3/10   15:24   1:52   0:00 
Tim Erixon               0  0  0   0  0   2  1  1  2  0  0/0    26:29   2:44   5:24 
Tyler Benson             0  0  0   1  0   1  3  0  0  0  1/1     7:32   0:00   0:00 

Players Stats for Little Stars

Player Name              G  A  P  +/- PIM S  H  SB GA TA FO     MP     PP MP  PK MP  
------------------------------------------------------------------------------------
Adam Tambellini          0  0  0  -2  0   3  2  0  1  0  1/1    18:20   5:01   1:25 
Anton Cederholm          0  0  0  -2  0   1  0  0  0  0  0/0    27:17   5:46   2:17 
Daniel O'regan           0  1  1   0  0   1  2  0  2  1  17/30  21:03   4:58   0:55 
Eric Knodel              0  1  1  -1  0   1  1  0  0  0  0/0    19:54   4:13   1:41 
Henrik Borgstrom         0  0  0  -2  0   5  0  0  0  0  6/10   16:55   5:01   0:00 
Ilya Mikheyev            0  0  0   0  0   0  2  0  0  1  1/4    21:49   4:58   2:03 
Jason Dickinson          0  0  0  -1  2   0  1  0  0  1  2/3     9:53   0:00   0:00 
Joakim Nygard            0  0  0  -1  0   1  1  0  0  0  0/0    11:07   0:00   0:30 
Jordan LaVallee          2  0  2   0  0   4  2  1  2  1  0/3    21:49   4:58   2:03 
Matt Luff                0  0  0   0  0   0  2  0  0  0  0/0     8:45   0:00   0:00 
Michael Mersch           0  0  0   0  0   2  2  0  0  0  0/0     9:05   0:00   0:00 
Reece Willcox            0  0  0  -1  0   3  2  0  0  0  0/0    19:54   4:13   1:41 
Roman Horak              0  0  0   0  0   0  0  0  0  0  0/3     8:45   0:00   0:00 
Sebastian Wannstrom      0  0  0  -2  2   2  0  0  0  1  0/1    17:18   5:01   0:00 
Tucker Poolman           0  0  0   0  0   1  1  0  0  0  0/0    12:49   0:00   0:00 
Tyler Wotherspoon        0  0  0  -2  0   1  2  3  1  0  0/0    27:17   5:46   2:17 
Ville Pokka              0  0  0   0  0   0  0  1  0  0  0/0    12:49   0:00   0:00 
Zach Budish              0  0  0  -1  0   1  3  0  1  0  0/0    11:11   0:00   1:00 

3 Stars

1 - Nicholas Baptiste (Tor)
2 - Aleksi Saarela (Tor)
3 - Jordan LaVallee (Tex)

Power Play

Marlies - 0 on 2 Attempt(s) - 0.00%
Little Stars - 1 on 6 Attempt(s) - 16.67%

Penalty Kill

Marlies - 5 on 6 Attempt(s) - 83.33% - Score 0 goal in Penalty Kill
Little Stars - 2 on 2 Attempt(s) - 100.00% - Score 0 goal in Penalty Kill

Team Stat

Marlies - Hits : 24 - Faceoff Wins : 28 - Blocked Shots : 10 - Penalty Minutes : 12
Little Stars - Hits : 23 - Faceoff Wins : 27 - Blocked Shots : 5 - Penalty Minutes : 4

Official

Referees : Justin St. Pierre and Beaudry Halkidis
Linesman : Ryan Daisy and Andrew Smith

Game Notes

No Game Note

Finance

Level 1 -- Attendance: 1785 (89.25%) -- Ticket Income $62,475
Level 2 -- Attendance: 948 (94.80%) -- Ticket Income $14,220
Total Attendance: 2733 (91.10%)
Total Ticket Income: $76,695
Other Income: $3,835
Total Income: $80,530

Marlies

5 vs 5 Forward 
   Center                   Left Wing                Right Wing               Time % Phy DF OF 
 1 Colton Sissons           Nick Ritchie             Linden Vey               40     1   2  2  
 2 Pavel Zacha              JT Compher               Justin Bailey            30     1   2  2  
 3 Aleksi Saarela           Johan Larsson            Nicholas Baptiste        20     1   2  2  
 4 Logan Brown              Tyler Benson             Mathieu Olivier          10     1   2  2  

5 vs 5 Defense 
   Defense                  Defense                                           Time % Phy DF OF 
 1 Tim Erixon               Neal Pionk                                        40     1   2  2  
 2 Brett Pesce              Jeff Corbett                                      30     1   2  2  
 3 Lucas Carlsson           Dennis Gilbert                                    20     1   2  2  
 4 Tim Erixon               Neal Pionk                                        10     1   2  2  

PowerPlay Forward 
   Center                   Left Wing                Right Wing               Time % Phy DF OF 
 1 Colton Sissons           Nick Ritchie             Linden Vey               60     1   2  2  
 2 Pavel Zacha              JT Compher               Justin Bailey            40     1   2  2  

PowerPlay Defense
   Defense                  Defense                                           Time % Phy DF OF 
 1 Tim Erixon               Neal Pionk                                        60     1   2  2  
 2 Brett Pesce              Jeff Corbett                                      40     1   2  2  

Penalty Kill 4 Players Forward 
   Center                   Wing                     Time % Phy DF OF 
 1 Linden Vey               Nick Ritchie             60     1   2  2  
 2 JT Compher               Colton Sissons           40     1   2  2  

Penalty Kill 4 Players Defense
   Defense                  Defense                  Time % Phy DF OF 
 1 Tim Erixon               Neal Pionk               60     1   2  2  
 2 Brett Pesce              Jeff Corbett             40     1   2  2  

Penalty Kill - 3 Players Forward 
   Forward                                           Time % Phy DF OF 
 1 Linden Vey                                        60     1   2  2  
 2 Nick Ritchie                                      40     1   2  2  

Penalty Kill - 3 Players Defense
   Defense                  Defense                  Time % Phy DF OF 
 1 Tim Erixon               Neal Pionk               60     1   2  2  
 2 Brett Pesce              Jeff Corbett             40     1   2  2  

4 vs 4 Forward 
   Center                   Wing                     Time % Phy DF OF 
 1 Linden Vey               Nick Ritchie             60     1   2  2  
 2 JT Compher               Colton Sissons           40     1   2  2  

4 vs 4 Defense
   Defense                  Defense                  Time % Phy DF OF 
 1 Tim Erixon               Neal Pionk               60     1   2  2  
 2 Brett Pesce              Jeff Corbett             40     1   2  2  

Last Minutes Offensive
   Center                   Left Wing                Right Wing               Defense                  Defense                  
   Colton Sissons           Nick Ritchie             Linden Vey               Tim Erixon               Neal Pionk               

Last Minutes Defensive
   Center                   Left Wing                Right Wing               Defense                  Defense                  
   Colton Sissons           Nick Ritchie             Linden Vey               Tim Erixon               Neal Pionk               

Goaltenders
Starting : Malcolm Subban           
Backup : Charlie Lindgren         

Extra Forwards
Normal : Nicholas Baptiste, Johan Larsson, Aleksi Saarela - PP : Nicholas Baptiste, Johan Larsson - PK : Aleksi Saarela
Extra Defensemen
Normal : Lucas Carlsson, Dennis Gilbert, Brett Pesce - PP : Lucas Carlsson - PK : Dennis Gilbert, Brett Pesce
Penalty Shots
Linden Vey, Nick Ritchie, JT Compher, Colton Sissons, Pavel Zacha

Scratches
Brycen Martin (Healthy), Henri Ikonen (Healthy), Jaden Lindo (Healthy), Jakob Forsbacka-Karlsson (Healthy), Radovan Bondra (Healthy)
Shane Prince (Healthy), Simon Bourque (Healthy), Zack MacEwen (Healthy), Otto Koivula (Healthy), Jamie Phillips (Healthy)

Little Stars

5 vs 5 Forward 
   Center                   Left Wing                Right Wing               Time % Phy DF OF 
 1 Daniel O'regan           Jordan LaVallee          Ilya Mikheyev            40     1   2  2  
 2 Henrik Borgstrom         Adam Tambellini          Sebastian Wannstrom      30     1   2  2  
 3 Jason Dickinson          Joakim Nygard            Zach Budish              20     1   2  2  
 4 Roman Horak              Michael Mersch           Matt Luff                10     1   2  2  

5 vs 5 Defense 
   Defense                  Defense                                           Time % Phy DF OF 
 1 Tyler Wotherspoon        Anton Cederholm                                   40     1   2  2  
 2 Eric Knodel              Reece Willcox                                     30     1   2  2  
 3 Tucker Poolman           Ville Pokka                                       20     1   2  2  
 4 Tyler Wotherspoon        Anton Cederholm                                   10     1   2  2  

PowerPlay Forward 
   Center                   Left Wing                Right Wing               Time % Phy DF OF 
 1 Daniel O'regan           Jordan LaVallee          Ilya Mikheyev            60     1   2  2  
 2 Henrik Borgstrom         Adam Tambellini          Sebastian Wannstrom      40     1   2  2  

PowerPlay Defense
   Defense                  Defense                                           Time % Phy DF OF 
 1 Tyler Wotherspoon        Anton Cederholm                                   60     1   2  2  
 2 Eric Knodel              Reece Willcox                                     40     1   2  2  

Penalty Kill 4 Players Forward 
   Center                   Wing                     Time % Phy DF OF 
 1 Jordan LaVallee          Ilya Mikheyev            60     1   2  2  
 2 Adam Tambellini          Daniel O'regan           40     1   2  2  

Penalty Kill 4 Players Defense
   Defense                  Defense                  Time % Phy DF OF 
 1 Tyler Wotherspoon        Anton Cederholm          60     1   2  2  
 2 Eric Knodel              Reece Willcox            40     1   2  2  

Penalty Kill - 3 Players Forward 
   Forward                                           Time % Phy DF OF 
 1 Jordan LaVallee                                   60     1   2  2  
 2 Ilya Mikheyev                                     40     1   2  2  

Penalty Kill - 3 Players Defense
   Defense                  Defense                  Time % Phy DF OF 
 1 Tyler Wotherspoon        Anton Cederholm          60     1   2  2  
 2 Eric Knodel              Reece Willcox            40     1   2  2  

4 vs 4 Forward 
   Center                   Wing                     Time % Phy DF OF 
 1 Jordan LaVallee          Ilya Mikheyev            60     1   2  2  
 2 Adam Tambellini          Daniel O'regan           40     1   2  2  

4 vs 4 Defense
   Defense                  Defense                  Time % Phy DF OF 
 1 Tyler Wotherspoon        Anton Cederholm          60     1   2  2  
 2 Eric Knodel              Reece Willcox            40     1   2  2  

Last Minutes Offensive
   Center                   Left Wing                Right Wing               Defense                  Defense                  
   Daniel O'regan           Jordan LaVallee          Ilya Mikheyev            Tyler Wotherspoon        Anton Cederholm          

Last Minutes Defensive
   Center                   Left Wing                Right Wing               Defense                  Defense                  
   Daniel O'regan           Jordan LaVallee          Ilya Mikheyev            Tyler Wotherspoon        Anton Cederholm          

Goaltenders
Starting : Dustin Tokarski          
Backup : Connor Knapp             

Extra Forwards
Normal : Joakim Nygard, Michael Mersch, Zach Budish - PP : Joakim Nygard, Michael Mersch - PK : Zach Budish
Extra Defensemen
Normal : Tucker Poolman, Ville Pokka, Eric Knodel - PP : Tucker Poolman - PK : Ville Pokka, Eric Knodel
Penalty Shots
Jordan LaVallee, Ilya Mikheyev, Adam Tambellini, Daniel O'regan, Joakim Nygard

Scratches
Daniil Tarasov (Healthy), Emile Poirier (Healthy), Jean-Christophe Beaudin (Healthy), Justin Auger (Healthy), Lawrence Pilut (Healthy)
Radel Fazleev (Healthy), Rudolfs Balcers (Healthy), Shane Gersich (Healthy), Yakov Trenin (Healthy), Frederic Allard (Healthy)
Joey Anderson (Healthy), Jonathan Dahlen (Healthy), Givani Smith (Healthy)

% Time on Ice - Marlies

Lines # - Real PCT - Wanted PCT - Time Play
Normal Forward
1 - 35% - 40% - 16:01
2 - 30% - 30% - 13:56
3 - 19% - 20% - 8:34
4 - 16% - 10% - 7:32
Normal Defense
1 - 37% - 40% - 17:00
2 - 33% - 30% - 15:20
3 - 27% - 20% - 12:21
4 - 3% - 10% - 1:22
PP Forward
1 - 53% - 60% - 2:06
2 - 47% - 40% - 1:52
PP Defense
1 - 69% - 60% - 2:44
2 - 31% - 40% - 1:14
PK Forward
1 - 73% - 60% - 7:15
2 - 27% - 40% - 2:44
PK Defense
1 - 56% - 60% - 5:35
2 - 44% - 40% - 4:24
PK3 Forward
1 - 0% - 60%
2 - 0% - 40%
PK3 Defense
1 - 0% - 60%
2 - 0% - 40%
44 Forward
1 - 0% - 60%
2 - 0% - 40%
44 Defense
1 - 0% - 60%
2 - 0% - 40%
Last Minute Offensive  - 0:00
Last Minute Defensive  - 0:00
Total
Forward - 60:00
Defense - 60:00

% Time on Ice - Little Stars

Lines # - Real PCT - Wanted PCT - Time Play
Normal Forward
1 - 34% - 40% - 15:31
2 - 26% - 30% - 11:54
3 - 21% - 20% - 9:53
4 - 19% - 10% - 8:45
Normal Defense
1 - 39% - 40% - 17:52
2 - 30% - 30% - 14:00
3 - 28% - 20% - 12:49
4 - 3% - 10% - 1:22
PP Forward
1 - 50% - 60% - 4:58
2 - 50% - 40% - 5:01
PP Defense
1 - 58% - 60% - 5:46
2 - 42% - 40% - 4:13
PK Forward
1 - 87% - 60% - 3:26
2 - 13% - 40% - 0:32
PK Defense
1 - 58% - 60% - 2:17
2 - 42% - 40% - 1:41
PK3 Forward
1 - 0% - 60%
2 - 0% - 40%
PK3 Defense
1 - 0% - 60%
2 - 0% - 40%
44 Forward
1 - 0% - 60%
2 - 0% - 40%
44 Defense
1 - 0% - 60%
2 - 0% - 40%
Last Minute Offensive  - 0:00
Last Minute Defensive  - 0:00
Total
Forward - 60:00
Defense - 60:00

Play-by-Play

1st period


0:01 of 1st period - Nick Ritchie wins face-off versus Daniel O'regan in neutral zone.
1:02 of 1st period - Snap shot by JT Compher.
1:02 of 1st period - Shot Hit the Post.
1:20 of 1st period - Slapshot by Tyler Benson.
1:20 of 1st period - Shot Misses the Net.
1:22 of 1st period - Slapshot by Brett Pesce.
1:22 of 1st period - Stopped by Dustin Tokarski with a rebound.
1:39 of 1st period - Off-side.
1:40 of 1st period - Daniel O'regan wins face-off versus Colton Sissons in neutral zone.
1:45 of 1st period - Snap shot by Ilya Mikheyev.
1:45 of 1st period - Shot Blocked by Lucas Carlsson.
2:46 of 1st period - Slapshot by JT Compher.
2:46 of 1st period - Shot Misses the Net.
2:48 of 1st period - Slapshot by Dennis Gilbert.
2:48 of 1st period - Deflect By Tyler Wotherspoon.
2:48 of 1st period - Stopped by Dustin Tokarski with a rebound.
2:50 of 1st period - Wrist shot by Justin Bailey.
2:50 of 1st period - Stopped by Dustin Tokarski without a rebound.
2:51 of 1st period - Daniel O'regan wins face-off versus Colton Sissons in Little Stars zone.
3:04 of 1st period - Jordan LaVallee is hit by Linden Vey and loses puck.
3:44 of 1st period - Roman Horak is hit by Tyler Benson and loses puck.
3:59 of 1st period - Slapshot by Nick Ritchie.
3:59 of 1st period - Stopped by Dustin Tokarski with a rebound.
4:11 of 1st period - Tucker Poolman is hit by Aleksi Saarela and loses puck.
4:45 of 1st period - Snap shot by Colton Sissons.
4:45 of 1st period - Stopped by Dustin Tokarski with a rebound.
4:47 of 1st period - Snap shot by Tim Erixon.
4:47 of 1st period - Stopped by Dustin Tokarski without a rebound.
4:48 of 1st period - Colton Sissons wins face-off versus Henrik Borgstrom in Little Stars zone.
4:51 of 1st period - Snap shot by Linden Vey.
4:51 of 1st period - Stopped by Dustin Tokarski without a rebound.
4:52 of 1st period - Adam Tambellini wins face-off versus Colton Sissons in Little Stars zone.
5:21 of 1st period - Jeff Corbett is hit by Jordan LaVallee and loses puck.
5:47 of 1st period - Wrist shot by Pavel Zacha.
5:47 of 1st period - Stopped by Dustin Tokarski with a rebound.
5:49 of 1st period - Slapshot by Brett Pesce.
5:49 of 1st period - Shot Blocked by Tyler Wotherspoon.
5:59 of 1st period - Slapshot by Nick Ritchie.
5:59 of 1st period - Shot Misses the Net.
6:35 of 1st period - Minor Penalty to Logan Brown for Slashing.
6:36 of 1st period - Linden Vey wins face-off versus Jordan LaVallee in Marlies zone.
6:47 of 1st period - Snap shot by Jordan LaVallee.
6:47 of 1st period - Shot Misses the Net.
6:57 of 1st period - Linden Vey is hit by Daniel O'regan and loses puck.
8:35 of 1st period - Penalty to Logan Brown is over, Logan Brown is back on ice.
9:07 of 1st period - Wrist shot by Joakim Nygard.
9:07 of 1st period - Shot Misses the Net.
9:32 of 1st period - Icing by Tucker Poolman.
9:33 of 1st period - Colton Sissons wins face-off versus Roman Horak in Little Stars zone.
9:42 of 1st period - Snap shot by Nick Ritchie.
9:42 of 1st period - Stopped by Dustin Tokarski without a rebound.
9:43 of 1st period - Daniel O'regan wins face-off versus Colton Sissons in Little Stars zone.
10:14 of 1st period - Wrist shot by Linden Vey.
10:14 of 1st period - Stopped by Dustin Tokarski without a rebound.
10:15 of 1st period - Daniel O'regan wins face-off versus Pavel Zacha in Little Stars zone.
10:19 of 1st period - Off-side.
10:20 of 1st period - Daniel O'regan wins face-off versus JT Compher in neutral zone.
10:47 of 1st period - Wrist shot by Linden Vey.
10:47 of 1st period - Shot Misses the Net.
10:49 of 1st period - Slapshot by Brett Pesce.
10:49 of 1st period - Deflect By Nick Ritchie.
10:49 of 1st period - Goal by Nick Ritchie - Marlies : 1 - Little Stars : 0.
10:50 of 1st period - Colton Sissons wins face-off versus Daniel O'regan in neutral zone.
11:31 of 1st period - Neal Pionk is hit by Jordan LaVallee and loses puck.
12:30 of 1st period - Johan Larsson is hit by Ilya Mikheyev and loses puck.
12:39 of 1st period - Daniel O'regan is hit by Aleksi Saarela and loses puck.
12:44 of 1st period - Wrist shot by Nicholas Baptiste.
12:44 of 1st period - Goal by Nicholas Baptiste - Marlies : 2 - Little Stars : 0.
12:45 of 1st period - Henrik Borgstrom wins face-off versus Colton Sissons in neutral zone.
13:10 of 1st period - JT Compher is hit by Joakim Nygard and loses puck.
13:42 of 1st period - Logan Brown is hit by Zach Budish and loses puck.
13:59 of 1st period - Joakim Nygard is hit by Linden Vey and loses puck.
14:16 of 1st period - Sebastian Wannstrom is hit by Justin Bailey and loses puck.
14:25 of 1st period - Wrist shot by Henrik Borgstrom.
14:25 of 1st period - Stopped by Malcolm Subban with a rebound.
14:27 of 1st period - Slapshot by Tyler Wotherspoon.
14:27 of 1st period - Deflect By Henrik Borgstrom.
14:27 of 1st period - Shot Blocked by Pavel Zacha.
14:27 of 1st period - Puck is out of play.
14:28 of 1st period - Colton Sissons wins face-off versus Roman Horak in Marlies zone.
14:45 of 1st period - Anton Cederholm is hit by Linden Vey and loses puck.
15:45 of 1st period - Snap shot by Michael Mersch.
15:45 of 1st period - Shot Blocked by Mathieu Olivier.
16:02 of 1st period - Icing by Nick Ritchie.
16:03 of 1st period - Henrik Borgstrom wins face-off versus Pavel Zacha in Marlies zone.
16:04 of 1st period - Snap shot by Adam Tambellini.
16:04 of 1st period - Stopped by Malcolm Subban with a rebound.
16:06 of 1st period - Snap shot by Henrik Borgstrom.
16:06 of 1st period - Stopped by Malcolm Subban without a rebound.
16:07 of 1st period - Henrik Borgstrom wins face-off versus Pavel Zacha in Marlies zone.
16:08 of 1st period - Wrist shot by Adam Tambellini.
16:08 of 1st period - Stopped by Malcolm Subban with a rebound.
16:10 of 1st period - Snap shot by Adam Tambellini.
16:10 of 1st period - Shot Misses the Net.
16:14 of 1st period - Slapshot by Henrik Borgstrom.
16:14 of 1st period - Stopped by Malcolm Subban without a rebound.
16:15 of 1st period - Colton Sissons wins face-off versus Daniel O'regan in Marlies zone.
16:15 of 1st period - Colton Sissons is hit by Daniel O'regan.
16:24 of 1st period - Off-side.
16:25 of 1st period - Daniel O'regan wins face-off versus Colton Sissons in neutral zone.
17:48 of 1st period - Snap shot by Jordan LaVallee.
17:48 of 1st period - Goal by Jordan LaVallee - Marlies : 2 - Little Stars : 1.
17:49 of 1st period - Pavel Zacha wins face-off versus Henrik Borgstrom in neutral zone.
17:52 of 1st period - Adam Tambellini is hit by Brett Pesce.
18:00 of 1st period - Snap shot by Pavel Zacha.
18:00 of 1st period - Stopped by Dustin Tokarski with a rebound.
18:02 of 1st period - Snap shot by Pavel Zacha.
18:02 of 1st period - Stopped by Dustin Tokarski with a rebound.
18:53 of 1st period - Michael Mersch is hit by JT Compher and loses puck.
19:02 of 1st period - Lucas Carlsson is hit by Michael Mersch and loses puck.
19:18 of 1st period - Sebastian Wannstrom is hit by Aleksi Saarela.
Goals for this period are 2 for Marlies vs 1 for Little Stars.
Shots for this period are 14 for Marlies vs 6 for Little Stars.

2nd period


0:01 of 2nd period - Daniel O'regan wins face-off versus Colton Sissons in neutral zone.
0:04 of 2nd period - Wrist shot by Daniel O'regan.
0:04 of 2nd period - Shot Blocked by Neal Pionk.
0:06 of 2nd period - Wrist shot by Jordan LaVallee.
0:06 of 2nd period - Stopped by Malcolm Subban without a rebound.
0:07 of 2nd period - Daniel O'regan wins face-off versus Colton Sissons in Marlies zone.
0:35 of 2nd period - Off-side.
0:36 of 2nd period - Henrik Borgstrom wins face-off versus Pavel Zacha in neutral zone.
0:54 of 2nd period - Off-side.
0:55 of 2nd period - Colton Sissons wins face-off versus Daniel O'regan in neutral zone.
1:00 of 2nd period - Wrist shot by Tim Erixon.
1:00 of 2nd period - Shot Blocked by Jordan LaVallee.
1:16 of 2nd period - Minor Penalty to Colton Sissons for Goalie Interference.
1:17 of 2nd period - Linden Vey wins face-off versus Daniel O'regan in Marlies zone.
1:28 of 2nd period - Snap shot by Linden Vey.
1:28 of 2nd period - Stopped by Dustin Tokarski with a rebound.
1:56 of 2nd period - Slapshot by Tim Erixon.
1:56 of 2nd period - Stopped by Dustin Tokarski with a rebound.
1:58 of 2nd period - Snap shot by Neal Pionk.
1:58 of 2nd period - Shot Misses the Net.
2:11 of 2nd period - Off-side.
2:12 of 2nd period - Linden Vey wins face-off versus Sebastian Wannstrom in neutral zone.
2:15 of 2nd period - Slapshot by Brett Pesce.
2:15 of 2nd period - Shot Blocked by Tyler Wotherspoon.
2:49 of 2nd period - Snap shot by Tyler Wotherspoon.
2:49 of 2nd period - Stopped by Malcolm Subban with a rebound.
3:03 of 2nd period - Wrist shot by Adam Tambellini.
3:03 of 2nd period - Shot Misses the Net.
3:16 of 2nd period - Penalty to Colton Sissons is over, Colton Sissons is back on ice.
3:32 of 2nd period - Off-side.
3:33 of 2nd period - Logan Brown wins face-off versus Daniel O'regan in neutral zone.
3:58 of 2nd period - Justin Bailey is hit by Eric Knodel and loses puck.
4:11 of 2nd period - Minor Penalty to Jason Dickinson for Holding.
4:12 of 2nd period - Colton Sissons wins face-off versus Jordan LaVallee in Little Stars zone.
6:11 of 2nd period - Penalty to Jason Dickinson is over, Jason Dickinson is back on ice.
6:33 of 2nd period - Icing by Anton Cederholm.
6:34 of 2nd period - Tyler Benson wins face-off versus Henrik Borgstrom in Little Stars zone.
6:35 of 2nd period - Slapshot by Brett Pesce.
6:35 of 2nd period - Shot Blocked by Tyler Wotherspoon.
7:05 of 2nd period - Wrist shot by Johan Larsson.
7:05 of 2nd period - Stopped by Dustin Tokarski with a rebound.
7:07 of 2nd period - Snap shot by Aleksi Saarela.
7:07 of 2nd period - Goal by Aleksi Saarela - Marlies : 3 - Little Stars : 1.
7:08 of 2nd period - Daniel O'regan wins face-off versus Colton Sissons in neutral zone.
7:55 of 2nd period - Nicholas Baptiste is hit by Jason Dickinson and loses puck.
8:41 of 2nd period - Snap shot by Michael Mersch.
8:41 of 2nd period - Deflect By Neal Pionk.
8:41 of 2nd period - Shot Misses the Net.
8:41 of 2nd period - Puck is out of play.
8:42 of 2nd period - Pavel Zacha wins face-off versus Daniel O'regan in Marlies zone.
9:42 of 2nd period - Slapshot by Sebastian Wannstrom.
9:42 of 2nd period - Deflect By Adam Tambellini.
9:42 of 2nd period - Shot Misses the Net.
9:42 of 2nd period - Puck is out of play.
9:43 of 2nd period - Colton Sissons wins face-off versus Daniel O'regan in Marlies zone.
10:15 of 2nd period - Pavel Zacha is hit by Tyler Wotherspoon and loses puck.
11:24 of 2nd period - Snap shot by Jordan LaVallee.
11:24 of 2nd period - Deflect By Daniel O'regan.
11:24 of 2nd period - Shot Misses the Net.
11:24 of 2nd period - Puck is out of play.
11:25 of 2nd period - Henrik Borgstrom wins face-off versus Colton Sissons in Marlies zone.
11:32 of 2nd period - Snap shot by Sebastian Wannstrom.
11:32 of 2nd period - Stopped by Malcolm Subban with a rebound.
11:34 of 2nd period - Snap shot by Anton Cederholm.
11:34 of 2nd period - Stopped by Malcolm Subban without a rebound.
11:35 of 2nd period - Colton Sissons wins face-off versus Henrik Borgstrom in Marlies zone.
11:50 of 2nd period - Wrist shot by Nick Ritchie.
11:50 of 2nd period - Shot Misses the Net.
12:38 of 2nd period - Henrik Borgstrom is hit by Linden Vey and loses puck.
12:45 of 2nd period - Linden Vey is hit by Tyler Wotherspoon and loses puck.
13:00 of 2nd period - Wrist shot by Henrik Borgstrom.
13:00 of 2nd period - Stopped by Malcolm Subban without a rebound.
13:01 of 2nd period - Daniel O'regan wins face-off versus Pavel Zacha in Marlies zone.
13:14 of 2nd period - Off-side.
13:15 of 2nd period - Daniel O'regan wins face-off versus Pavel Zacha in neutral zone.
13:49 of 2nd period - Wrist shot by Joakim Nygard.
13:49 of 2nd period - Shot Blocked by Nicholas Baptiste.
13:51 of 2nd period - Wrist shot by Zach Budish.
13:51 of 2nd period - Stopped by Malcolm Subban without a rebound.
13:52 of 2nd period - Daniel O'regan wins face-off versus Aleksi Saarela in Marlies zone.
14:37 of 2nd period - Snap shot by Roman Horak.
14:37 of 2nd period - Shot Misses the Net.
16:03 of 2nd period - Tyler Wotherspoon is hit by Tyler Benson and loses puck.
16:11 of 2nd period - Minor Penalty to Logan Brown for Elbowing.
16:12 of 2nd period - Linden Vey wins face-off versus Daniel O'regan in Marlies zone.
16:23 of 2nd period - Snap shot by Nick Ritchie.
16:23 of 2nd period - Shot Misses the Net.
16:47 of 2nd period - Snap shot by Reece Willcox.
16:47 of 2nd period - Deflect By Adam Tambellini.
16:47 of 2nd period - Stopped by Malcolm Subban with a rebound.
16:49 of 2nd period - Snap shot by Sebastian Wannstrom.
16:49 of 2nd period - Shot Blocked by Brett Pesce.
16:51 of 2nd period - Snap shot by Sebastian Wannstrom.
16:51 of 2nd period - Shot Misses the Net.
18:11 of 2nd period - Penalty to Logan Brown is over, Logan Brown is back on ice.
18:22 of 2nd period - Jason Dickinson is hit by Dennis Gilbert and loses puck.
18:29 of 2nd period - Snap shot by Pavel Zacha.
18:29 of 2nd period - Stopped by Dustin Tokarski with a rebound.
18:39 of 2nd period - Tyler Wotherspoon is hit by Logan Brown and loses puck.
18:44 of 2nd period - Slapshot by Logan Brown.
18:44 of 2nd period - Stopped by Dustin Tokarski without a rebound.
18:45 of 2nd period - Nicholas Baptiste wins face-off versus Roman Horak in Little Stars zone.
18:48 of 2nd period - Snap shot by Aleksi Saarela.
18:48 of 2nd period - Shot Misses the Net.
18:58 of 2nd period - Slapshot by Reece Willcox.
18:58 of 2nd period - Stopped by Malcolm Subban with a rebound.
19:00 of 2nd period - Slapshot by Eric Knodel.
19:00 of 2nd period - Shot Blocked by Dennis Gilbert.
19:10 of 2nd period - Zach Budish is hit by Linden Vey and loses puck.
19:30 of 2nd period - Slapshot by Sebastian Wannstrom.
19:30 of 2nd period - Stopped by Malcolm Subban with a rebound.
19:32 of 2nd period - Slapshot by Eric Knodel.
19:32 of 2nd period - Stopped by Malcolm Subban with a rebound.
19:34 of 2nd period - Snap shot by Sebastian Wannstrom.
19:34 of 2nd period - Shot Misses the Net.
19:36 of 2nd period - Slapshot by Adam Tambellini.
19:36 of 2nd period - Shot Misses the Net.
19:38 of 2nd period - Slapshot by Adam Tambellini.
19:38 of 2nd period - Shot Misses the Net.
19:48 of 2nd period - Minor Penalty to Pavel Zacha for Holding.
19:49 of 2nd period - Daniel O'regan wins face-off versus Linden Vey in Marlies zone.
19:50 of 2nd period - Wrist shot by Jordan LaVallee.
19:50 of 2nd period - Deflect By Daniel O'regan.
19:50 of 2nd period - Shot Misses the Net.
19:50 of 2nd period - Puck is out of play.
19:51 of 2nd period - Daniel O'regan wins face-off versus Linden Vey in Marlies zone.
19:52 of 2nd period - Wrist shot by Jordan LaVallee.
19:52 of 2nd period - Goal by Jordan LaVallee - Marlies : 3 - Little Stars : 2.
19:53 of 2nd period - Colton Sissons wins face-off versus Daniel O'regan in neutral zone.
Goals for this period are 1 for Marlies vs 1 for Little Stars.
Shots for this period are 6 for Marlies vs 11 for Little Stars.

3rd period


0:01 of 3rd period - Colton Sissons wins face-off versus Ilya Mikheyev in neutral zone.
0:04 of 3rd period - Snap shot by Neal Pionk.
0:04 of 3rd period - Stopped by Dustin Tokarski with a rebound.
0:10 of 3rd period - Snap shot by Nick Ritchie.
0:10 of 3rd period - Stopped by Dustin Tokarski with a rebound.
1:00 of 3rd period - Tim Erixon is hit by Zach Budish and loses puck.
1:52 of 3rd period - Jeff Corbett is hit by Adam Tambellini and loses puck.
1:59 of 3rd period - Snap shot by Sebastian Wannstrom.
1:59 of 3rd period - Shot Misses the Net.
2:31 of 3rd period - Wrist shot by Jordan LaVallee.
2:31 of 3rd period - Shot Misses the Net.
2:33 of 3rd period - Wrist shot by Daniel O'regan.
2:33 of 3rd period - Stopped by Malcolm Subban with a rebound.
2:59 of 3rd period - Dennis Gilbert is hit by Michael Mersch and loses puck.
3:12 of 3rd period - Wrist shot by Logan Brown.
3:12 of 3rd period - Goal by Logan Brown - Marlies : 4 - Little Stars : 2.
3:13 of 3rd period - Daniel O'regan wins face-off versus Colton Sissons in neutral zone.
3:58 of 3rd period - Justin Bailey is hit by Matt Luff and loses puck.
4:23 of 3rd period - Wrist shot by JT Compher.
4:23 of 3rd period - Stopped by Dustin Tokarski with a rebound.
4:25 of 3rd period - Snap shot by Lucas Carlsson.
4:25 of 3rd period - Stopped by Dustin Tokarski with a rebound.
4:27 of 3rd period - Wrist shot by Justin Bailey.
4:27 of 3rd period - Deflect By Eric Knodel.
4:27 of 3rd period - Shot Misses the Net.
4:27 of 3rd period - Puck is out of play.
4:28 of 3rd period - Colton Sissons wins face-off versus Daniel O'regan in Little Stars zone.
4:54 of 3rd period - Minor Penalty to Sebastian Wannstrom for Goalie Interference.
4:55 of 3rd period - Colton Sissons wins face-off versus Jordan LaVallee in Little Stars zone.
4:56 of 3rd period - Snap shot by Nick Ritchie.
4:56 of 3rd period - Stopped by Dustin Tokarski with a rebound.
4:58 of 3rd period - Slapshot by Neal Pionk.
4:58 of 3rd period - Shot Misses the Net.
5:00 of 3rd period - Wrist shot by Colton Sissons.
5:00 of 3rd period - Stopped by Dustin Tokarski without a rebound.
5:01 of 3rd period - Nick Ritchie wins face-off versus Ilya Mikheyev in Little Stars zone.
5:58 of 3rd period - Eric Knodel is hit by Jeff Corbett and loses puck.
6:54 of 3rd period - Penalty to Sebastian Wannstrom is over, Sebastian Wannstrom is back on ice.
6:58 of 3rd period - Tyler Wotherspoon is hit by Brett Pesce and loses puck.
7:49 of 3rd period - Off-side.
7:50 of 3rd period - Pavel Zacha wins face-off versus Jason Dickinson in neutral zone.
7:59 of 3rd period - Snap shot by Justin Bailey.
7:59 of 3rd period - Stopped by Dustin Tokarski without a rebound.
8:00 of 3rd period - Daniel O'regan wins face-off versus Colton Sissons in Little Stars zone.
8:07 of 3rd period - Lucas Carlsson is hit by Reece Willcox.
8:11 of 3rd period - Wrist shot by Linden Vey.
8:11 of 3rd period - Stopped by Dustin Tokarski with a rebound.
8:34 of 3rd period - Neal Pionk is hit by Adam Tambellini and loses puck.
8:55 of 3rd period - Snap shot by Aleksi Saarela.
8:55 of 3rd period - Shot Blocked by Ville Pokka.
9:09 of 3rd period - Tim Erixon is hit by Matt Luff and loses puck.
9:16 of 3rd period - Michael Mersch is hit by Tyler Benson and loses puck.
9:57 of 3rd period - Anton Cederholm is hit by Pavel Zacha and loses puck.
10:08 of 3rd period - Anton Cederholm is hit by Pavel Zacha and loses puck.
10:41 of 3rd period - Matt Luff is hit by Mathieu Olivier and loses puck.
10:50 of 3rd period - Wrist shot by Tyler Benson.
10:50 of 3rd period - Stopped by Dustin Tokarski without a rebound.
10:51 of 3rd period - Ilya Mikheyev wins face-off versus Colton Sissons in Little Stars zone.
10:58 of 3rd period - Wrist shot by Jordan LaVallee.
10:58 of 3rd period - Stopped by Malcolm Subban without a rebound.
10:59 of 3rd period - Daniel O'regan wins face-off versus Colton Sissons in Marlies zone.
11:21 of 3rd period - Icing by Neal Pionk.
11:22 of 3rd period - Henrik Borgstrom wins face-off versus Pavel Zacha in Marlies zone.
11:29 of 3rd period - Tyler Wotherspoon is hit by Justin Bailey and loses puck.
12:05 of 3rd period - Minor Penalty to Nick Ritchie for Hooking.
12:06 of 3rd period - Linden Vey wins face-off versus Daniel O'regan in Marlies zone.
12:24 of 3rd period - Aleksi Saarela is hit by Reece Willcox and loses puck.
14:05 of 3rd period - Penalty to Nick Ritchie is over, Nick Ritchie is back on ice.
14:17 of 3rd period - Wrist shot by Jason Dickinson.
14:17 of 3rd period - Shot Misses the Net.
14:19 of 3rd period - Snap shot by Tucker Poolman.
14:19 of 3rd period - Stopped by Malcolm Subban with a rebound.
14:41 of 3rd period - Snap shot by Justin Bailey.
14:41 of 3rd period - Stopped by Dustin Tokarski with a rebound.
14:52 of 3rd period - Jeff Corbett is hit by Tucker Poolman.
15:38 of 3rd period - Wrist shot by Michael Mersch.
15:38 of 3rd period - Shot Blocked by Justin Bailey.
15:40 of 3rd period - Snap shot by Michael Mersch.
15:40 of 3rd period - Stopped by Malcolm Subban without a rebound.
15:41 of 3rd period - Jason Dickinson wins face-off versus Colton Sissons in Marlies zone.
16:33 of 3rd period - Snap shot by Sebastian Wannstrom.
16:33 of 3rd period - Shot Blocked by Colton Sissons.
16:35 of 3rd period - Snap shot by Henrik Borgstrom.
16:35 of 3rd period - Stopped by Malcolm Subban with a rebound.
16:41 of 3rd period - Minor Penalty to Colton Sissons for Holding.
16:42 of 3rd period - Linden Vey wins face-off versus Ilya Mikheyev in Marlies zone.
16:51 of 3rd period - Anton Cederholm is hit by Tim Erixon.
17:07 of 3rd period - Slapshot by Adam Tambellini.
17:07 of 3rd period - Shot Blocked by Tim Erixon.
17:09 of 3rd period - Slapshot by Reece Willcox.
17:09 of 3rd period - Stopped by Malcolm Subban with a rebound.
17:11 of 3rd period - Slapshot by Reece Willcox.
17:11 of 3rd period - Stopped by Malcolm Subban without a rebound.
17:12 of 3rd period - Linden Vey wins face-off versus Daniel O'regan in Marlies zone.
17:49 of 3rd period - Snap shot by Jeff Corbett.
17:49 of 3rd period - Shot Misses the Net.
18:11 of 3rd period - Linden Vey is hit by Ilya Mikheyev and loses puck.
18:41 of 3rd period - Penalty to Colton Sissons is over, Colton Sissons is back on ice.
18:52 of 3rd period - Nicholas Baptiste is hit by Zach Budish and loses puck.
18:57 of 3rd period - Backhand shot by Joakim Nygard.
18:57 of 3rd period - Stopped by Malcolm Subban without a rebound.
18:58 of 3rd period - Jason Dickinson wins face-off versus Nick Ritchie in Marlies zone.
19:36 of 3rd period - Slapshot by Michael Mersch.
19:36 of 3rd period - Shot Misses the Net.
19:38 of 3rd period - Snap shot by Michael Mersch.
19:38 of 3rd period - Stopped by Malcolm Subban with a rebound.
19:54 of 3rd period - Daniel O'regan is hit by Aleksi Saarela.
19:59 of 3rd period - Off-side.
Goals for this period are 1 for Marlies vs 0 for Little Stars.
Shots for this period are 11 for Marlies vs 9 for Little Stars.